 Dungeon Crawl Stone Soup version 0.17-a0-1978-gc390f2e (webtiles) character file.

83 SlimeFever the Conjurer (level 4, -4/27 HPs)
             Began as an Octopode Conjurer on Oct 5, 2015.
             Slain by Ajdolov's ghost (9 damage)
             ... on level 3 of the Dungeon.
             The game lasted 00:17:30 (1622 turns).

SlimeFever the Conjurer (Octopode Conjurer)         Turns: 1622, Time: 00:17:30

Health: -4/27      AC:  1    Str:  8    XL:     4   Next: 44%
Magic:  1/7        EV: 12    Int: 17    God:
Gold:   101        SH:  0    Dex: 12    Spells: 3 memorised, 1 level left

rFire  x . .     SeeInvis .     f - +1 whip
rCold  + . .     Clarity  .     (no shield)
rNeg   . . .     SustAt   .     (helmet restricted)
rPois  .         Gourm    .     (no amulet)
rElec  .         Spirit   .     k - ring of ice
rCorr  .         Warding  .     (no ring)
rMut   .         Stasis   .     (no ring)
MR     .....                    (no ring)
Stlth  +++.......               (no ring)
                                (no ring)
                                (no ring)
                                (no ring)

@: not resistant to hostile enchantments, fairly stealthy
A: almost no armour, amphibious, 8 rings, constrict 8, camouflage 1, gelatinous
body 1
a: no special abilities


You were on level 3 of the Dungeon.
You were not hungry.

You visited 1 branch of the dungeon, and saw 3 of its levels.

You collected 101 gold pieces.

Inventory:

Hand Weapons
 f - a +1 whip (weapon)
 h - a +0 flail
Jewellery
 k - a ring of ice (left tentacle)
Scrolls
 j - a scroll of identify
Potions
 c - 3 potions of curing
 d - a potion of agility
 e - 2 potions of flight
Books
 a - a book of Conjurations

   Spells                             Type                      Level
   a - Magic Dart                     Conjuration                  1
   b - Searing Ray                    Conjuration                  2
   c - Dazzling Spray                 Conjuration/Hexes            3
   d - Fulminant Prism                Conjuration/Hexes            4
   e - Iskenderun's Mystic Blast      Conjuration                  4
   f - Iskenderun's Battlesphere      Conjuration/Charms           5
 g - a book of Minor Magic

   Spells                             Type                      Level
   a - Magic Dart                     Conjuration                  1
   b - Blink                          Translocation                2
   c - Call Imp                       Summoning                    2
   d - Repel Missiles                 Charms/Air                   2
   e - Slow                           Hexes                        2
   f - Conjure Flame                  Conjuration/Fire             3
   g - Mephitic Cloud                 Conjuration/Poison/Air       3
Comestibles
 b - 2 bread rations
 i - a meat ration
 l - a beef jerky


   Skills:
 + Level 0.4 Fighting
 + Level 0.6 Maces & Flails
 * Level 2.4 Dodging
 * Level 3.2 Stealth
 + Level 2.2 Spellcasting
 + Level 5.0 Conjurations


You had one spell level left.
You knew the following spells:

 Your Spells              Type           Power        Failure   Level  Hunger
a - Magic Dart            Conj           ###.         2%          1    #......
b - Searing Ray           Conj           ###...       3%          2    ###....
c - Dazzling Spray        Conj/Hex       ##......     21%         3    ###....


Dungeon Overview and Level Annotations

Branches:
Dungeon (3/15)

Altars:

Annotations:
D:3 Ajdolov's ghost, amateur OgBe


Innate Abilities, Weirdness & Mutations

You cannot wear most types of armour.
You are amphibious.
You can wear up to eight rings at the same time.
You can use your tentacles to constrict eight enemies at once.
Your skin changes colour to match your surroundings (Stealth).
Your rubbery body absorbs attacks (AC +1).


Message History

Confirm with . or Enter, or press ? or * to list all spells.
Okay, then.
Unknown command.
You feel better. Ajdolov's ghost barely misses you.
Casting: Searing Ray
Confirm with . or Enter, or press ? or * to list all spells.
Okay, then.
Casting: Searing Ray
Confirm with . or Enter, or press ? or * to list all spells.
Aiming: Magic Dart
Press: ? - help, Shift-Dir - straight line, f/p - Ajdolov's ghost
Aim: Ajdolov's ghost (heavily damaged)
The magic dart hits Ajdolov's ghost.
Ajdolov's ghost is heavily damaged.
Ajdolov's ghost hits you.
* * * LOW HITPOINT WARNING * * *
You hit Ajdolov's ghost.
Ajdolov's ghost is heavily damaged.
Ajdolov's ghost hits you!
You die...

... ###.....#### #... ..>
#..........# #... ...
#..........# #.. ... #..........#
#.. ... #..........# ##. ###
#..........###########. ###
#....................##
..#########...†.W..............##
#........#<.....@...............#
#........#......................#
#........#......................#
#........#.##.....###...§§......#
#........#.##.....# #...§§......#
#........'.##.....# #....§.......
##.......####.....# #..#...######
#.......# #.....# #.##.#####
######### #.....# #.##.....#


You could see Ajdolov's ghost.

Vanquished Creatures
  3 adders
  A worm (D:2)
  2 giant geckos (D:3)
  2 orcs (D:3)
  7 bats
  2 giant cockroaches (D:1)
  8 hobgoblins
  6 jackals
  A giant newt (D:1)
  7 goblins
  6 kobolds
  4 rats
49 creatures vanquished.

Notes
Turn   | Place    | Note
--------------------------------------------------------------
     0 | D:1      | SlimeFever the Octopode Conjurer began the quest for the Orb.
     0 | D:1      | Reached XP level 1. HP: 11/11 MP: 3/3
   318 | D:1      | Reached XP level 2. HP: 17/17 MP: 1/5
   467 | D:1      | Learned a level 2 spell: Searing Ray
   627 | D:1      | Reached XP level 3. HP: 18/21 MP: 1/6
  1209 | D:2      | Reached XP level 4. HP: 27/27 MP: 7/7
  1222 | D:2      | Learned a level 3 spell: Dazzling Spray
  1471 | D:3      | Reached skill level 5 in Conjurations
  1606 | D:3      | Noticed Ajdolov's ghost (amateur OgBe)
  1618 | D:3      | HP: 1/27 [Ajdolov's ghost (14)]
  1622 | D:3      | Slain by Ajdolov's ghost

Vault maps used:
D:1:      lemuel_arrival_lava_pool, corexii_hall_statues_x
D:3:      yredelemnul_altar_generic, first_bread

Action                   |  1- 3 |  4- 6 || total
-------------------------+-------+-------++-------
Melee: Club              |     8 |       ||     8
       Whip              |    40 |    17 ||    57
 Cast: Magic Dart        |    48 |    25 ||    73
       Searing Ray       |       |     1 ||     1
  Use: Scroll            |     4 |     5 ||     9
       Potion            |       |     1 ||     1
  Eat: Fruit             |       |     4 ||     4
       Beef jerky        |       |     1 ||     1
